PL
CHICAGO GOLD SOX @ CHAMPAIGN CORKSCREWS
09/03/2020
 
TOP OF THE 1ST
Chicago Gold Sox batting - Pitching for Champaign Corkscrews : RHP Bill Fletcher
Pitching: RHP Bill Fletcher
Batting: RHB Daniel Lallanilla 0-0: Foul Ball, location: 2F
0-1: Reached on error, E6 (Groundball, 6)
Batting: RHB Rod Jones 0-0: Called Strike
Daniel Lallanilla steals 2nd base
0-1: Ball
1-1: SINGLE (Groundball, 6M)
Daniel Lallanilla to third
Batting: LHB Noel Ballard 0-0: Ball
1-0: Foul Ball, location: 2F
1-1: Fly out, F7 (Line Drive, 7M)
Runner from 3rd tags up, SCORES, no throw
Batting: LHB Herman Hayes 0-0: Ball
Rod Jones is caught stealing 2nd base
1-0: Foul Ball, location: 2F
1-1: Ball
2-1: Ground out U3 (Groundball, 3S)
Top of the 1st over - 1 run(s), 1 hit(s), 1 error(s), 0 left on base; Chicago 1 - Champaign 0
BOTTOM OF THE 1ST
Champaign Corkscrews batting - Pitching for Chicago Gold Sox : LHP Wayne Craig
Pitching: LHP Wayne Craig
Batting: RHB Yoshio Matsuo 0-0: Ball
1-0: Foul Ball, location: 2F
1-1: Swinging Strike
1-2: Ground out 1-3 (Groundball, 23)
Batting: RHB Paul Houston 0-0: Called Strike
0-1: Called Strike
0-2: Foul Ball, location: 2F
0-2: Ball
1-2: Strikes out swinging
Batting: RHB Robbie Roach 0-0: Ball
1-0: Swinging Strike
1-1: SINGLE (Line Drive, 56D)
Batting: LHB Tim Hargrove 0-0: Ball
1-0: Ground out 4-3 (Groundball, 4)
Bottom of the 1st over - 0 run(s), 1 hit(s), 0 error(s), 1 left on base; Chicago 1 - Champaign 0
TOP OF THE 2ND
Chicago Gold Sox batting - Pitching for Champaign Corkscrews : RHP Bill Fletcher
Batting: RHB Chris Smith 0-0: SINGLE (Groundball, 34)
Batting: RHB John Farrell 0-0: Foul Ball, location: 2F
0-1: Fielders Choice at 2nd, 6-4 (Groundball, 6)
Batting: RHB Earnest Veeck 0-0: Ball
1-0: Fly out, F7 (Line Drive, 7M)
Batting: LHB William Wise 0-0: Ball
1-0: Foul Ball, location: 2F
1-1: Called Strike
1-2: DOUBLE (Flyball, 8RXD)
John Farrell to third
Runner from 3rd tries for Home, SAFE, no throw or cutoff
Batting: LHB Wayne Craig 0-0: Foul Ball, location: 2F
0-1: SINGLE (Groundball, 13) (infield hit)
William Wise to third
Batting: RHB Daniel Lallanilla 0-0: Foul Ball, location: 2F
0-1: Ball
1-1: Swinging Strike
1-2: Foul Ball, location: 2F
1-2: Ball
2-2: Ground out 6-3 (Groundball, 6)
Top of the 2nd over - 1 run(s), 3 hit(s), 0 error(s), 2 left on base; Chicago 2 - Champaign 0
BOTTOM OF THE 2ND
Champaign Corkscrews batting - Pitching for Chicago Gold Sox : LHP Wayne Craig
Batting: RHB Chi-ju Zhang 0-0: Called Strike
0-1: Ball
1-1: Ball
2-1: Ball
3-1: Ground out 5-3 (Groundball, 5S)
Batting: RHB Keith Best 0-0: Ball
1-0: Foul Ball, location: 2F
1-1: Foul Ball, location: 2F
1-2: Strikes out looking
Batting: RHB Roberto Guerrero 0-0: Ball
1-0: Ground out 6-3 (Groundball, 6M)
Bottom of the 2nd over - 0 run(s), 0 hit(s), 0 error(s), 0 left on base; Chicago 2 - Champaign 0
TOP OF THE 3RD
Chicago Gold Sox batting - Pitching for Champaign Corkscrews : RHP Bill Fletcher
Batting: RHB Rod Jones 0-0: DOUBLE (Flyball, 89M)
Batting: LHB Noel Ballard 0-0: Ball
1-0: Swinging Strike
1-1: Foul Ball, location: 2F
1-2: Foul Ball, location: 2F
1-2: Ball
2-2: Foul Ball, location: 2F
2-2: Foul Ball, location: 2F
2-2: Ball
3-2: Foul Ball, location: 2F
3-2: Foul Ball, location: 2F
3-2: Foul Ball, location: 2F
3-2: Ground out 5-3 (Groundball, 5S)
Rod Jones to third
Batting: LHB Herman Hayes 0-0: Ball
1-0: Called Strike
1-1: Ball
2-1: Called Strike
2-2: Ball
3-2: Foul Ball, location: 2F
3-2: Foul Ball, location: 2F
3-2: Strikes out swinging
Batting: RHB Chris Smith 0-0: Ball
1-0: Foul Ball, location: 2F
1-1: Ball
2-1: Ball
3-1: Ground out 1-3 (Groundball, 13)
Top of the 3rd over - 0 run(s), 1 hit(s), 0 error(s), 1 left on base; Chicago 2 - Champaign 0
BOTTOM OF THE 3RD
Champaign Corkscrews batting - Pitching for Chicago Gold Sox : LHP Wayne Craig
Batting: RHB Cliff May 0-0: Ball
1-0: Called Strike
1-1: Ball
2-1: Foul Ball, location: 2F
2-2: Ball
3-2: Ground out 5-3 (Groundball, 5S)
Batting: RHB Bill Fletcher 0-0: Called Strike
0-1: Foul Ball, location: 2F
0-2: Strikes out swinging
Batting: RHB Yoshio Matsuo 0-0: Swinging Strike
0-1: Foul Ball, location: 2F
0-2: Fly out, F8 (Flyball, 8LM)
Bottom of the 3rd over - 0 run(s), 0 hit(s), 0 error(s), 0 left on base; Chicago 2 - Champaign 0
TOP OF THE 4TH
Chicago Gold Sox batting - Pitching for Champaign Corkscrews : RHP Bill Fletcher
Batting: RHB John Farrell 0-0: Ball
1-0: Swinging Strike
1-1: Called Strike
1-2: Ball
2-2: Strikes out swinging
Batting: RHB Earnest Veeck 0-0: Called Strike
0-1: Called Strike
0-2: Strikes out swinging
Batting: LHB William Wise 0-0: Called Strike
0-1: Ball
1-1: Foul Ball, location: 2F
1-2: Foul Ball, location: 2F
1-2: Ball
2-2: Ball
3-2: Foul Ball, location: 2F
3-2: Foul Ball, location: 2F
3-2: Ground out 4-3 (Groundball, 4)
Top of the 4th over - 0 run(s), 0 hit(s), 0 error(s), 0 left on base; Chicago 2 - Champaign 0
BOTTOM OF THE 4TH
Champaign Corkscrews batting - Pitching for Chicago Gold Sox : LHP Wayne Craig
Batting: RHB Paul Houston 0-0: Foul Ball, location: 2F
0-1: Foul Ball, location: 2F
0-2: Strikes out looking
Batting: RHB Robbie Roach 0-0: Called Strike
0-1: Ball
1-1: Fly out, F7 (Line Drive, 7M)
Batting: LHB Tim Hargrove 0-0: Ball
1-0: Ball
2-0: Called Strike
2-1: Ground out 4-3 (Groundball, 4)
Bottom of the 4th over - 0 run(s), 0 hit(s), 0 error(s), 0 left on base; Chicago 2 - Champaign 0
TOP OF THE 5TH
Chicago Gold Sox batting - Pitching for Champaign Corkscrews : RHP Bill Fletcher
Batting: LHB Wayne Craig 0-0: Ball
1-0: Foul Ball, location: 2F
1-1: Foul Ball, location: 2F
1-2: Strikes out looking
Batting: RHB Daniel Lallanilla 0-0: SOLO HOME RUN (Flyball, 78XD), Distance : 399 ft
Batting: RHB Rod Jones 0-0: Called Strike
0-1: Ground out 5-3 (Groundball, 56)
Batting: LHB Noel Ballard 0-0: Ball
1-0: Called Strike
1-1: Swinging Strike
1-2: Foul Ball, location: 2F
1-2: Ball
2-2: Strikes out swinging
Top of the 5th over - 1 run(s), 1 hit(s), 0 error(s), 0 left on base; Chicago 3 - Champaign 0
BOTTOM OF THE 5TH
Champaign Corkscrews batting - Pitching for Chicago Gold Sox : LHP Wayne Craig
Batting: RHB Chi-ju Zhang 0-0: Fly out, F6 (Popup, 56D)
Batting: RHB Keith Best 0-0: Ball
1-0: Ball
2-0: Foul Ball, location: 2F
2-1: Ball
3-1: Foul Ball, location: 2F
3-2: Fly out, F7 (Flyball, 78M)
Batting: RHB Roberto Guerrero 0-0: Called Strike
0-1: Ground out 5-3 (Groundball, 5)
Bottom of the 5th over - 0 run(s), 0 hit(s), 0 error(s), 0 left on base; Chicago 3 - Champaign 0
TOP OF THE 6TH
Chicago Gold Sox batting - Pitching for Champaign Corkscrews : RHP Bill Fletcher
Batting: LHB Herman Hayes 0-0: Ball
1-0: Fly out, F6 (Popup, 5DF)
Batting: RHB Chris Smith 0-0: SINGLE (Line Drive, 7LS)
Batting: RHB John Farrell 0-0: Called Strike
0-1: Fly out, F7 (Line Drive, 78M)
Batting: RHB Earnest Veeck 0-0: Called Strike
0-1: Ball
1-1: Ball
2-1: Foul Ball, location: 2F
2-2: SINGLE (Groundball, 34S)
Chris Smith to second
Runner from 2nd tries for 3rd, SAFE, throw made to third
Batting: LHB William Wise 0-0: Called Strike
0-1: Fly out, F8 (Flyball, 8RXD)
Top of the 6th over - 0 run(s), 2 hit(s), 0 error(s), 2 left on base; Chicago 3 - Champaign 0
BOTTOM OF THE 6TH
Champaign Corkscrews batting - Pitching for Chicago Gold Sox : LHP Wayne Craig
Batting: RHB Cliff May 0-0: Foul Ball, location: 2F
0-1: Ball
1-1: Foul Ball, location: 2F
1-2: Ball
2-2: Ball
3-2: Strikes out swinging
Batting: RHB Bill Fletcher 0-0: Ball
1-0: Called Strike
1-1: DOUBLE (Line Drive, 89M)
Batting: RHB Yoshio Matsuo 0-0: Ball
1-0: Ball
2-0: Foul Ball, location: 2F
2-1: Swinging Strike
2-2: DOUBLE (Groundball, 5L)
Bill Fletcher scores
Batting: RHB Paul Houston 0-0: Swinging Strike
0-1: Ball
1-1: Foul Ball, location: 2F
1-2: Hit by Pitch
Batting: RHB Robbie Roach 0-0: Ball
Yoshio Matsuo steals 3rd base
Paul Houston to second
1-0: Swinging Strike
1-1: SINGLE (Groundball, 5)
Yoshio Matsuo scores
Paul Houston to third
Runner from 3rd tries for Home, throw and OUT!
Robbie Roach to second
Batting: LHB Tim Hargrove 0-0: Ball
1-0: Called Strike
1-1: Foul Ball, location: 2F
1-2: Foul Ball, location: 2F
1-2: Fly out, F9 (Flyball, 9M)
Bottom of the 6th over - 2 run(s), 3 hit(s), 0 error(s), 1 left on base; Chicago 3 - Champaign 2
TOP OF THE 7TH
Chicago Gold Sox batting - Pitching for Champaign Corkscrews : RHP Bill Fletcher
Batting: LHB Wayne Craig 0-0: Foul Ball, location: 2F
0-1: Ground out U3 (Groundball, 3)
Batting: RHB Daniel Lallanilla 0-0: Ball
1-0: Called Strike
1-1: Reached on error, E5 (Groundball, 5)
Batting: RHB Rod Jones 0-0: Ball
Daniel Lallanilla is caught stealing 3rd base
1-0: Foul Ball, location: 2F
1-1: Foul Ball, location: 2F
1-2: Ball
2-2: Ground out 6-3 (Groundball, 6M)
Top of the 7th over - 0 run(s), 0 hit(s), 1 error(s), 0 left on base; Chicago 3 - Champaign 2
BOTTOM OF THE 7TH
Champaign Corkscrews batting - Pitching for Chicago Gold Sox : LHP Wayne Craig
Batting: RHB Chi-ju Zhang 0-0: Ball
1-0: Ball
2-0: Called Strike
2-1: Foul Ball, location: 2F
2-2: Strikes out looking
Batting: RHB Keith Best 0-0: SINGLE (Groundball, 6M)
Pinch Runner at 1st Andrés Rodríguez:
Batting: RHB Roberto Guerrero 0-0: Called Strike
Andrés Rodríguez steals 2nd base
0-1: Ball
1-1: Ground out 4-3 (Groundball, 4)
Andrés Rodríguez to third
Pinch Hitting: RHB Luis Mendoza 0-0: Called Strike
0-1: Foul Ball, location: 2F
0-2: Ball
1-2: Ball
2-2: Ball
3-2: Strikes out swinging
Bottom of the 7th over - 0 run(s), 1 hit(s), 0 error(s), 1 left on base; Chicago 3 - Champaign 2
TOP OF THE 8TH
Chicago Gold Sox batting - Pitching for Champaign Corkscrews : RHP Bill Fletcher
Now at SS: Andrés Rodríguez
Now in LF: Luis Mendoza
Batting: LHB Noel Ballard 0-0: Foul Ball, location: 2F
0-1: Ball
1-1: SINGLE (Line Drive, 89M)
Batting: LHB Herman Hayes 0-0: Called Strike
Noel Ballard steals 2nd base
0-1: Ball
1-1: Intentional Walk
Pitching: RHP António Rodríguez
Now at SS: António Meléndez
Batting: RHB Chris Smith 0-0: Ball
1-0: Ball
2-0: Foul Ball, location: 2F
2-1: Grounds into double play, U4-3 (Groundball, 4M)
Noel Ballard to third
Batting: RHB John Farrell 0-0: Called Strike
0-1: Ball
1-1: Ball
2-1: Fly out, F9 (Line Drive, 9M)
Top of the 8th over - 0 run(s), 1 hit(s), 0 error(s), 1 left on base; Chicago 3 - Champaign 2
BOTTOM OF THE 8TH
Champaign Corkscrews batting - Pitching for Chicago Gold Sox : LHP Wayne Craig
Now at 3B: Alfredo López
Batting: RHB António Meléndez 0-0: Ball
1-0: Called Strike
1-1: Foul Ball, location: 2F
1-2: Ball
2-2: Strikes out swinging
Batting: RHB Yoshio Matsuo 0-0: Ball
1-0: SINGLE (Groundball, 5D)
Pinch Hitting: RHB Taikan Miura 0-0: Ball
1-0: Ball
2-0: Called Strike
2-1: Swinging Strike
2-2: Strikes out looking
Pitching: RHP Lorenzo Marín
Batting: RHB Robbie Roach 0-0: Called Strike
0-1: Ball
Yoshio Matsuo is caught stealing 2nd base
Bottom of the 8th over - 0 run(s), 1 hit(s), 0 error(s), 0 left on base; Chicago 3 - Champaign 2
TOP OF THE 9TH
Chicago Gold Sox batting - Pitching for Champaign Corkscrews : RHP António Rodríguez
Pitching: RHP Enrique López
Now at 3B: Gregory Johnson
Batting: RHB Earnest Veeck 0-0: Swinging Strike
0-1: Called Strike
0-2: Strikes out looking
Batting: LHB William Wise 0-0: Ball
1-0: Ball
2-0: Ball
3-0: Base on Balls
Batting: RHB Lorenzo Marín 0-0: Sac Bunt - play at first, batter OUT! 1-4
William Wise to second
Batting: RHB Daniel Lallanilla 0-0: Ball
1-0: Ball
2-0: Ball
3-0: Called Strike
3-1: Foul Ball, location: 2F
3-2: Base on Balls
Batting: RHB Rod Jones 0-0: Ball
1-0: Foul Ball, location: 2F
1-1: Ball
2-1: Called Strike
2-2: Strikes out swinging
Top of the 9th over - 0 run(s), 0 hit(s), 0 error(s), 2 left on base; Chicago 3 - Champaign 2
BOTTOM OF THE 9TH
Champaign Corkscrews batting - Pitching for Chicago Gold Sox : RHP Lorenzo Marín
Batting: RHB Robbie Roach 0-0: Ball
1-0: Ball
2-0: Ball
3-0: Called Strike
3-1: Foul Ball, location: 2F
3-2: Foul Ball, location: 2F
3-2: Fly out, F6 (Line Drive, 6)
Batting: LHB Tim Hargrove 0-0: Foul Ball, location: 2F
0-1: Ball
1-1: Swinging Strike
1-2: Fly out, F4 (Line Drive, 4)
Batting: RHB Chi-ju Zhang 0-0: Called Strike
0-1: Called Strike
0-2: Ball
1-2: Ball
2-2: Ball
3-2: Ground out 4-3 (Groundball, 4M)
Bottom of the 9th over - 0 run(s), 0 hit(s), 0 error(s), 0 left on base; Chicago 3 - Champaign 2
This league is powered by Out of the Park Baseball, the baseball management simulation game for PC, Mac and Linux
Friday, October 23rd, 2015 - OOTP Baseball 16.9 Build 39